 Dungeon Crawl Stone Soup version 0.28.0 (webtiles) character file.

Game seed: 9992231962742241086

2368 Majang the Covert (level 9, -6/74 HPs)
             Began as a Gnoll Delver on Feb 15, 2022.
             Mangled by a vampire mosquito (8 damage)
             ... on level 7 of the Dungeon.
             The game lasted 00:30:01 (8368 turns).

Majang the Covert (Gnoll Delver)                    Turns: 8368, Time: 00:30:02

Health: -6/74      AC: 11    Str: 14    XL:     9   Next: 44%
Magic:  15/15      EV:  8    Int: 12    God:
Gold:   244        SH:  0    Dex: 13    Spells: 16/16 levels left

rFire   . . .      SeeInvis .   b - +3 trident (vorpal)
rCold   + . .      Faith    .   (no shield)
rNeg    . . .      Spirit   .   w - +2 chain mail {rC+}
rPois   +          Reflect  .   (no helmet)
rElec   .          Harm     .   (no cloak)
rCorr   +          Rampage  .   (no gloves)
Will    .....                   (no boots)
Stlth   +.........              (no amulet)
HPRegen 0.22/turn               k - ring of poison resistance
MPRegen 0.14/turn               h - ring of resist corrosion

@: flying
A: fangs 1, strong nose, distributed training
a: no special abilities


You were on level 7 of the Dungeon.
You visited 1 branch of the dungeon, and saw 7 of its levels.

You collected 244 gold pieces.

Inventory:

Hand Weapons
 a - a +1 dagger of holy wrath
 b - a +3 vorpal trident (weapon)
 u - a +0 short sword
 A - a +3 flail of freezing
Armour
 w - a +2 chain mail of cold resistance (worn)
 x - an orb of light
 B - a +1 robe of fire resistance
Magical Staves
 f - a staff of conjuration
 l - a staff of fire
 v - a staff of cold
Jewellery
 h - a ring of resist corrosion (right hand)
 k - a ring of poison resistance (left hand)
Wands
 g - a wand of digging (3)
 m - a wand of mindburst (2)
 z - a wand of paralysis (9)
Scrolls
 e - a scroll of fear
 i - a scroll of silence
 j - a scroll of enchant armour
 n - a scroll of amnesia
 o - 2 scrolls of brand weapon
 p - 3 scrolls of identify {unknown}


   Skills:
 + Level 7.9 Fighting
 + Level 6.3 Short Blades
 + Level 4.2 Long Blades
 + Level 4.2 Axes
 + Level 4.2 Maces & Flails
 + Level 4.2 Polearms
 + Level 4.2 Staves
 + Level 4.2 Slings
 + Level 4.2 Bows
 + Level 4.2 Crossbows
 + Level 4.2 Throwing
 + Level 4.2 Armour
 + Level 6.3 Dodging
 + Level 10.5 Stealth
 + Level 4.2 Shields
 + Level 4.2 Unarmed Combat
 + Level 4.2 Spellcasting
 + Level 3.5 Conjurations
 + Level 3.5 Hexes
 + Level 3.5 Summonings
 + Level 3.5 Necromancy
 + Level 3.5 Translocations
 + Level 3.5 Transmutations
 + Level 3.5 Fire Magic
 + Level 3.5 Ice Magic
 + Level 3.5 Air Magic
 + Level 3.5 Earth Magic
 + Level 3.5 Poison Magic
 + Level 4.7 Invocations
 + Level 4.2 Evocations


You had 16 spell levels left.
You didn't know any spells.
Your spell library contained the following spells:

 Spells                   Type           Power      Damage    Failure   Level
 Animate Skeleton         Necr           20%        N/A       75%         1
 Pain                     Necr           40%        1d6       75%         1
 Ensorcelled Hibernation  Hex/Ice        20%        N/A       87%         2
 Passwall                 Tmut/Erth      8%         N/A       87%         2
 Swiftness                Air            10%        N/A       98%         3
 Vampiric Draining        Necr           10%        2d6       98%         3


Dungeon Overview and Level Annotations

Branches:
Dungeon (7/15)
 Temple: D:4-7

Altars:


Innate Abilities, Weirdness & Mutations

You have very sharp teeth.
Your uncanny sense of smell can sniff out nearby items.
Your experience applies equally to all skills.


Message History

The vampire mosquito barely misses you. The vampire mosquito bites you!
* * * LOW HITPOINT WARNING * * *
The vampire mosquito draws strength from your injuries!
Unknown command.
It was a potion of curing.
You feel better.
The vampire mosquito bites you but does no damage.
The vampire mosquito bites you.
The vampire mosquito draws strength from your injuries!
You puncture the vampire mosquito!
The vampire mosquito is heavily damaged.
The vampire mosquito bites you!
* * * LOW HITPOINT WARNING * * *
The vampire mosquito draws strength from your injuries!
The vampire mosquito closely misses you.
You closely miss the vampire mosquito.
The vampire mosquito is moderately damaged.
The vampire mosquito bites you but does no damage. x2
You barely miss the vampire mosquito. Your bite misses the vampire mosquito.
The vampire mosquito is moderately damaged.
The vampire mosquito bites you but does no damage.
The vampire mosquito bites you.
* * * LOW HITPOINT WARNING * * *
The vampire mosquito draws strength from your injuries!
The vampire mosquito bites you but does no damage.
You closely miss the vampire mosquito.
The vampire mosquito is moderately damaged.
The vampire mosquito bites you but does no damage.
The vampire mosquito bites you!
* * * LOW HITPOINT WARNING * * *
The vampire mosquito draws strength from your injuries!
Unknown command.
The vampire mosquito barely misses you.
The vampire mosquito bites you but does no damage.
The vampire mosquito bites you.
* * * LOW HITPOINT WARNING * * *
The vampire mosquito draws strength from your injuries!
It was a potion of flight.
You feel very buoyant.
You fly up into the air.
The vampire mosquito bites you!
You die...

##################+
...................
#.@y..!.......
#######.#########...
................#
#######.#.##..#.#
#.#.###.#.# #.#.#
#...# #.#.# ##..#
#.#.# #..#∆
#.#.####..#


You could see a vampire mosquito.

Vanquished Creatures
  Sigmund (D:3)
  Menkaure (D:5)
  A vampire mosquito (D:7)
  Edmund (D:6)
  A water moccasin (D:5)
  2 orc warriors (D:6)
  3 black bears
  A centaur (D:6)
  2 ogres (D:4)
  A phantom (D:5)
  A bullfrog (D:6)
  A scorpion (D:5)
  A water moccasin zombie (D:5)
  3 wights
  A centaur zombie (D:7)
  3 hounds
  An orc priest (D:6)
  Terence (D:3)
  5 orc wizards
  A scorpion zombie (D:3)
  Natasha (thrice) (D:2)
  An iguana (D:5)
  2 hound zombies (D:5)
  3 gnolls
  A howler monkey skeleton (D:6)
  6 adders
  2 white imps
  5 dart slugs
  2 worms (D:2)
  13 orcs
  9 endoplasms
  3 giant cockroaches
  6 goblins
  10 hobgoblins
  5 jackals
  4 quokkas
  4 ball pythons
  5 bats
  3 frilled lizards
  5 kobolds
  4 rats
128 creatures vanquished.

Notes
Turn   | Place    | Note
-------+----------+-------------------------------------------
     0 | D:5      | Reached skill level 9 in Stealth
     0 | D:5      | Majang the Gnoll Delver began the quest for the Orb.
     0 | D:5      | Reached XP level 1. HP: 23/23 MP: 1/1
    27 | D:5      | Noticed Menkaure
   389 | D:3      | Noticed an orc wizard
   404 | D:2      | Reached XP level 2. HP: 16/29 MP: 2/2
   930 | D:1      | Reached XP level 3. HP: 28/35 MP: 3/3
  1280 | D:1      | Reached skill level 1 in Invocations
  1784 | D:1      | Reached skill level 1 in Long Blades
  1784 | D:1      | Reached skill level 1 in Axes
  1784 | D:1      | Reached skill level 1 in Maces & Flails
  1784 | D:1      | Reached skill level 1 in Polearms
  1784 | D:1      | Reached skill level 1 in Staves
  1784 | D:1      | Reached skill level 1 in Slings
  1784 | D:1      | Reached skill level 1 in Bows
  1784 | D:1      | Reached skill level 1 in Crossbows
  1784 | D:1      | Reached skill level 1 in Throwing
  1784 | D:1      | Reached skill level 1 in Armour
  1784 | D:1      | Reached skill level 1 in Shields
  1784 | D:1      | Reached skill level 1 in Unarmed Combat
  1784 | D:1      | Reached skill level 1 in Spellcasting
  1784 | D:1      | Reached skill level 1 in Evocations
  1995 | D:2      | Reached XP level 4. HP: 41/41 MP: 5/5
  2108 | D:2      | Noticed Natasha
  2112 | D:2      | Killed Natasha
  2113 | D:2      | Reached skill level 1 in Conjurations
  2113 | D:2      | Reached skill level 1 in Hexes
  2113 | D:2      | Reached skill level 1 in Summonings
  2113 | D:2      | Reached skill level 1 in Necromancy
  2113 | D:2      | Reached skill level 1 in Translocations
  2113 | D:2      | Reached skill level 1 in Transmutations
  2113 | D:2      | Reached skill level 1 in Fire Magic
  2113 | D:2      | Reached skill level 1 in Ice Magic
  2113 | D:2      | Reached skill level 1 in Air Magic
  2113 | D:2      | Reached skill level 1 in Earth Magic
  2113 | D:2      | Reached skill level 1 in Poison Magic
  2138 | D:2      | Noticed Natasha
  2161 | D:2      | Killed Natasha
  2162 | D:2      | Reached XP level 5. HP: 27/47 MP: 5/7
  2420 | D:2      | Noticed Natasha
  2430 | D:2      | Killed Natasha
  2828 | D:3      | Found a faded altar of an unknown god.
  2839 | D:3      | Noticed Terence
  2845 | D:3      | Killed Terence
  2871 | D:3      | Reached XP level 6. HP: 49/53 MP: 8/8
  3210 | D:3      | Noticed Sigmund
  3821 | D:3      | Killed Sigmund
  3822 | D:3      | Reached skill level 5 in Short Blades
  3822 | D:3      | Reached skill level 5 in Dodging
  3822 | D:3      | Reached XP level 7. HP: 33/59 MP: 8/10
  4653 | D:4      | Reached skill level 10 in Stealth
  5072 | D:5      | Killed Menkaure
  5166 | D:5      | Reached XP level 8. HP: 48/67 MP: 12/12
  6983 | D:6      | Noticed Edmund
  6989 | D:6      | Killed Edmund
  7000 | D:6      | Reached XP level 9. HP: 52/73 MP: 14/14
  7717 | D:6      | HP: 2/74 [orc warrior (12)]
  8367 | D:7      | HP: 2/74 [vampire mosquito (5)]
  8368 | D:7      | Mangled by a vampire mosquito

Illustrated notes

Levels and vault maps discovered:
D:1:      psy_arrival_terrarium, layout_loops_corners
D:2:      layout_loops_ring, uniq_natasha
D:3:      layout_basic, basic_ecumenical_altar, minivault_23, uniq_terence,
          uniq_sigmund
D:4:      layout_loops_ring
D:5:      layout_loops_ring, portal_sewer_entry_e, uniq_menkaure
D:6:      layout_gridville, minmay_misc_feat_room,
          amcnicky_mini_rare_corridor_liquid, uniq_edmund
D:7:      layout_basic, temple_green, minivault_22,
          minmay_hollow_rounded_squares

Skill      XL: |  1  2  3  4  5  6  7  8  9 |
---------------+----------------------------+-----
Stealth        | 10 | 10.5
Invocations    | 1 2 3 4 |  4.7
Long Blades    | 1 2 3 4 |  4.2
Axes           | 1 2 3 4 |  4.2
Maces & Flails | 1 2 3 4 |  4.2
Polearms       | 1 2 3 4 |  4.2
Staves         | 1 2 3 4 |  4.2
Slings         | 1 2 3 4 |  4.2
Bows           | 1 2 3 4 |  4.2
Crossbows      | 1 2 3 4 |  4.2
Throwing       | 1 2 3 4 |  4.2
Armour         | 1 2 3 4 |  4.2
Shields        | 1 2 3 4 |  4.2
Unarmed Combat | 1 2 3 4 |  4.2
Spellcasting   | 1 2 3 4 |  4.2
Evocations     | 1 2 3 4 |  4.2
Conjurations   | 1 2 3 |  3.5
Hexes          | 1 2 3 |  3.5
Summonings     | 1 2 3 |  3.5
Necromancy     | 1 2 3 |  3.5
Translocations | 1 2 3 |  3.5
Transmutations | 1 2 3 |  3.5
Fire Magic     | 1 2 3 |  3.5
Ice Magic      | 1 2 3 |  3.5
Air Magic      | 1 2 3 |  3.5
Earth Magic    | 1 2 3 |  3.5
Poison Magic   | 1 2 3 |  3.5
Short Blades   | 5 6 |  6.3
Dodging        | 5 6 |  6.3
Fighting       | 7 |  7.9

Action                   |  1- 3 |  4- 6 |  7- 9 || total
-------------------------+-------+-------+-------++-------
Melee: Short sword       |   105 |    57 |       ||   162
       Bite              |    15 |     9 |    45 ||    69
       Punch             |     2 |     3 |     5 ||    10
       Trident           |       |    47 |   227 ||   274
       Dagger            |       |     1 |   100 ||   101
       Flail             |       |       |    13 ||    13
Evoke: Wand              |       |       |     5 ||     5
  Use: Scroll            |     2 |       |     9 ||    11
       Potion            |     1 |     1 |     4 ||     6
 Stab: Sleeping          |    19 |    10 |       ||    29
       Distracted        |       |     1 |       ||     1
       Paralysed         |       |       |     1 ||     1
Armor: Leather armour    |     9 |    13 |       ||    22
       Chain mail        |       |     7 |   218 ||   225
Dodge: Dodged            |    42 |    31 |   122 ||   195
